 Dungeon Crawl Stone Soup version 0.32-a0-33-g74fbe469d6 (webtiles) character file.

Game seed: 7997718847662190349

1700544 Gargoyl the Gargoyle Barricade (level 27, 159/159 HPs)
             Began as a Gargoyle Berserker on Jan 21, 2024.
             Was a Priest of Trog.
             Escaped with the Orb
             ... and 3 runes on Jan 23, 2024!
             The game lasted 02:19:11 (72131 turns).

Gargoyl the Gargoyle Barricade (GrBe)              Turns: 72131, Time: 02:19:11

Health: 159/159    AC: 49    Str: 25    XL:     27
Magic:  29/29      EV: 23    Int: 10    God:    Trog [***...]
Gold:   10308      SH: 23    Dex: 15    Spells: 26/26 levels left

rFire   + + .        x - +9 hand axe of Painful Death {drain, MP+9 Str+6}
rCold   + . .        D - +3 buckler {rPois}
rNeg    + + .        r - +3 plate armour "Cissuu" {rF+ rC+}
rPois   ∞            Y - +0 mask of the Dragon {Will+ Slay+3 SInv}
rElec   +            a - scarf {rC+ rF+}
rCorr   .            u - +0 pair of gloves "Foegh" {rElec rN+ Int+2}
SInv    +            L - +1 pair of boots "Fetel" {rElec rF+}
Will    +++..        i - amulet of reflection Stlth
                     t - ring of the Hare {EV+10}
HPRegen 1.26/turn    E - +4 ring of slaying
MPRegen 0.21/turn

%: random rage (3%), reflection
@: flying, studying Long Blades
A: sickness immunity, AC +20, big wings, negative energy resistance 1,
electricity resistance, torment resistance 1, petrification resistance, hooves
1, large bone plates 1, berserk 1, clumsy 2, dopey 1, frail 2, low MP 1,
regeneration 1, weak 2, no potion heal 2, cold vulnerability 1, heat
vulnerability 1, subdued magic 3, inability to drink after injury 1, persistent
drain
0: Orb of Zot
}: 3/15 runes: decaying, silver, gossamer
a: Renounce Religion, Berserk, Trog's Hand


You escaped.
You worshipped Trog.
Trog was most pleased with you.
You visited 11 branches of the dungeon, and saw 55 of its levels.
You visited the Abyss 1 time.
You also visited: Bailey.

You collected 11035 gold pieces.
You spent 727 gold pieces at shops.

Inventory:

Hand Weapons
 d - the +11 broad axe "Varasuineq" {spect, rF+++ Str-3 Dex+4}
   (You found it on level 2 of the Lair of Beasts)

   Str-3:     It affects your strength (-3).
   Dex+4:     It affects your dexterity (+4).
   rF+++:     It renders you almost immune to fire.
 x - the +9 hand axe of Painful Death (weapon) {drain, MP+9 Str+6}
   (You found it on level 8 of the Dungeon)

   Str+6:     It affects your strength (+6).
   MP+9:      It affects your magic capacity (+9).
 T - a +5 war axe of flaming
 Z - a +2 broad axe of electrocution
Missiles
 k - 8 curare-tipped darts (quivered)
Armour
 a - a scarf of resistance (worn)
 r - the +3 plate armour "Cissuu" (worn) {rF+ rC+}
   (You found it on level 3 of the Vaults)

   rF+:       It protects you from fire.
   rC+:       It protects you from cold.
 u - the +0 pair of gloves "Foegh" (worn) {rElec rN+ Int+2}
   (You found it on level 3 of the Elven Halls)

   Int+2:     It affects your intelligence (+2).
   rElec:     It insulates you from electricity.
   rN+:       It protects you from negative energy.
 D - a +3 buckler of poison resistance (worn)
 L - the +1 pair of boots "Fetel" (worn) {rElec rF+}
   (You acquired it on level 2 of the Lair of Beasts)

   rF+:       It protects you from fire.
   rElec:     It insulates you from electricity.
 Y - the +0 mask of the Dragon (worn) {Will+ Slay+3 SInv}
   (You found it on level 3 of the Elven Halls)

   Slay+3:    It affects your accuracy & damage with ranged weapons and melee
   (+3).
   Will+:     It increases your willpower.
   SInv:      It lets you see invisible.
Jewellery
 i - an amulet of reflection (around neck)
 m - a ring of resist corrosion
 s - an amulet of guardian spirit
 t - the ring of the Hare (left hand) {EV+10}
   (You took it off a deep elf demonologist on level 3 of the Elven Halls)

   [ring of evasion]

   EV+10:     It affects your evasion (+10).
 E - a +4 ring of slaying (right hand)
 U - the ring "Toygh" {rElec Int+6 Dex+4 SInv}
   (You took it off an orc knight on level 4 of the Depths)

   [ring of intelligence]

   Int+6:     It affects your intelligence (+6).
   Dex+4:     It affects your dexterity (+4).
   rElec:     It insulates you from electricity.
   SInv:      It lets you see invisible.
Wands
 b - a wand of digging (8)
 j - a wand of acid (14)
 v - a wand of iceblast (6)
 y - a wand of mindburst (20)
 J - a wand of polymorph (5)
 K - a wand of flame (52)
 M - a wand of paralysis (9)
Scrolls
 c - 3 scrolls of brand weapon
 f - 6 scrolls of silence
 n - 11 scrolls of poison
 p - 3 scrolls of vulnerability
 C - 4 scrolls of enchant armour
 G - 4 scrolls of enchant weapon
 H - 10 scrolls of revelation
 N - 6 scrolls of fear
 Q - 7 scrolls of fog
 S - 27 scrolls of identify
 V - 4 scrolls of teleportation
 W - 2 scrolls of summoning
Potions
 e - 11 potions of enlightenment
 g - 7 potions of heal wounds
 h - 16 potions of curing
 l - 7 potions of cancellation
 o - 3 potions of might
 q - 2 potions of lignification
 w - 2 potions of resistance
 z - 8 potions of ambrosia
 A - 2 potions of invisibility
 B - a potion of attraction
 P - 11 potions of haste
 R - 2 potions of berserk rage


   Skills:
 O Level 27 Fighting
 O Level 27 Axes
 + Level 1.1 Throwing
 + Level 23.0 Armour
 + Level 11.5 Dodging
 + Level 8.1 Stealth
 O Level 27 Shields
 + Level 1.5 Evocations


You had 26 spell levels left.
You didn't know any spells.
Your spell library was empty.

Dungeon Overview and Level Annotations

Branches:
Dungeon (15/15)            Temple (0/1) D:6            Lair (5/5) D:11
  Swamp (4/4) Lair:3       Spider (4/4) Lair:2        Slime (5/5) Lair:4
    Orc (2/2) D:9             Elf (3/3) Orc:2        Vaults (5/5) D:13
  Crypt (3/3) Vaults:2       Tomb (0/3) Crypt:3      Depths (4/4) D:15
    Zot (5/5) Depths:4     Bailey (visited)

Altars:
Cheibriados
Dithmenos
Fedhas
Hepliaklqana
Kikubaaqudgha
Makhleb
Okawaru
Qazlal
Sif Muna
Vehumet
Xom
Yredelemnul
The Shining One
Jiyva
Lugonu

Shops:
D:9 ?   D:11 !   D:12 *   Orc:2 ?[[(   Elf:2 =:=   Elf:3 =

Portals:
Hell: Depths:1 Depths:2 Depths:3 Depths:4
Abyss: Lair:5 Depths:2 Depths:3 Depths:4
Pandemonium: Depths:1 Depths:2
Ziggurat: Depths:2
Bazaar: Vaults:2
Trove: Elf:3 (give 8 scrolls of fear)

Annotations:
Slime:5 Royal Jelly
Depths:4 2 transporters


Innate Abilities, Weirdness & Mutations

You are immune to sickness and miasma.
Your stone body is resilient. (AC +20)
You are immune to poison.
Your large and strong wings let you fly.
You resist negative energy. (rN+)
You are resistant to electric shocks. (rElec)
You are resistant to unholy torment.
You are immune to petrification.
You have large cloven feet.
You are partially covered in large bone plates. (SH +4)
You sometimes lose your temper in combat.
You are very clumsy. (Dex -4)
You are dopey. (Int -2)
You are very frail. (-20% HP)
Your magical capacity is low. (-10% MP)
Your natural rate of healing is unusually fast.
You are very weak. (Str -4)
Potions cannot restore your health.
You are vulnerable to cold. (rC-)
You are vulnerable to heat. (rF-)
Your spells are much easier to cast, but much less powerful.
You occasionally lose the ability to drink potions when taking damage.
Your health recovers twice as slowly from being drained.


Message History

The Orb Guardian is almost dead.
You block the Orb Guardian's attack.
You barely miss the Orb Guardian.
The Orb Guardian is almost dead.
The Orb Guardian hits you but does no damage.
You slash the Orb Guardian!
You kill the Orb Guardian!
Trog accepts your kill.
There is a stone staircase leading up here.
You fly upwards.
There is a stone staircase leading down here.
What level of the Dungeon? (default 1, ? - help)
There is a stone staircase leading up here.
You fly upwards.
There is a stone staircase leading down here.
There is an open door here.
There is a stone staircase leading up here.
You fly upwards.
There is a stone staircase leading down here.
There is a stone staircase leading up, spattered with blood here.
You see here a +0 falchion.
You fly upwards.
There is a stone staircase leading down here.
A red devil comes into view. It is wielding a +0 trident.
You block the red devil's attack.
You hit the red devil.
The red devil is lightly wounded.
You hit the red devil.
The red devil is moderately wounded.
You block the red devil's attack.
You hit the red devil.
The red devil is heavily wounded.
You slice the red devil!!
You kill the red devil!
Trog accepts your kill.
You see here a +0 trident.
What level of the Dungeon? (default 1, ? - help)
Okay, then.
There is a staircase leading out of the dungeon here.
You have escaped!

........†........#(# ###.#.#.#.##
##........########.###.#.#.#.#.##
...................|...#.#...#.##
#.........########.....#.#####.##
......######.....#####.#.......##
)...#.# ##.........###.####......
.†..#.###.....#.....##......#####
....#.##.%...###.....#####.......
....#.##.....# #@....## ###.####.
....#.#.....## ##.....# #........
...##.#..#..# #..#..# #.#.###..
......#..#..# #..#..# #.#...#..
...####.....## ##.....# #.#.###..
...# ##.....# #.....## #.#......
#### #.....###.....# #.#####..
##...........## #........
##....#....## #####...#


There were no monsters in sight!

Vanquished Creatures
  Dissolution (Slime:2)
  6 dread liches
  Frederick (Vaults:2)
  2 ancient liches
  2 orbs of fire (Zot:4)
  2 juggernauts
  Sojobo (Vaults:4)
  Xtahua (Depths:4)
  Boris (twice) (Crypt:1 Crypt:3)
  Bai Suzhen (Spider:4)
  11 Killer Klowns
  Saint Roka (Depths:4)
  Margery (Vaults:2)
  A curse toe (Zot:5)
  the Lernaean hydra (Swamp:4)
  14 golden dragons
  A caustic shrike (Depths:2)
  2 bone dragons (Abyss:3)
  3 electric golems
  A hellephant (Vaults:2)
  A Brimstone Fiend (Zot:5)
  2 Tzitzimimeh
  33 Orb Guardians
  11 tentacled monstrosities
  3 pandemonium lords
  Zenata (Vaults:2)
  Jorgrun (Elf:1)
  A walking earthen tome (Depths:2)
  2 titans (Vaults:5)
  A walking crystal tome (Depths:4)
  A Hell Sentinel (D:15)
  3 liches
  8 quicksilver dragons
  10 sphinxes
  2 deep elf master archers (Elf:3)
  4 deep elf blademasters
  An Executioner (D:15)
  3 ancient champions
  14 acid blobs
  8 death cobs
  12 tengu reavers
  Aizul (Swamp:2)
  Agnes (Elf:2)
  7 shadow dragons
  4 thorn hunters
  Kirke (Lair:5)
  3 revenants
  9 azure jellies
  13 storm dragons
  7 fire giants
  10 rockslimes
  7 protean progenitors
  2 draconian knights
  21 vault wardens
  6 draconian monks
  8 draconian shifters
  3 emperor scorpions (Spider:4)
  9 frost giants
  6 deep elf sorcerers
  2 ghost moths
  7 deep elf elementalists (Elf:3)
  Louise (Spider:4)
  5 draconian scorchers
  3 iron dragons
  2 balrugs (Crypt:3)
  4 spriggan defenders
  A draconian stormcaller (Zot:2)
  4 spectral caustic shrikes (Depths:2)
  2 juggernaut zombies
  6 draconian annihilators
  4 curse skulls
  13 stone giants
  4 formless jellyfish
  7 quicksilver oozes
  27 very ugly things
  20 ironbound preservers
  9 ghouls
  An orc warlord (Vaults:3)
  A caustic shrike skeleton (Crypt:3)
  4 ironbound thunderhulks
  8 vampire knights
  9 green draconians
  5 deep elf death magi
  4 eleionomae
  10 deep elf annihilators
  6 black draconians
  23 purple draconians
  7 deep elf demonologists
  8 red draconians
  7 yellow draconians
  3 lorocyprocas
  4 war gargoyles
  8 white draconians
  The ghost of Malachi the Warrior, a journeyman OnCK of Xom (D:10)
  16 dire elephants
  2 blizzard demons
  6 bunyips
  2 merfolk javelineers
  4 eidola
  A green death (Abyss:3)
  14 spark wasps
  2 ettins
  8 yaktaur captains
  6 jiangshi
  An entropy weaver (shapeshifter) (Lair:5)
  11 fire dragons
  8 entropy weavers
  15 great orbs of eyes
  7 rakshasas
  Harold (D:9)
  5 deep elf high priests
  2 quicksilver dragon skeletons
  11 ice dragons
  2 salamander tyrants
  41 vault guards
  The ghost of thepacket the Skirmisher, a journeyman BaHu of Hepliaklqana (D:10)
  5 ogre magi
  4 alligators
  26 hydras
  A fenstrider witch zombie (Crypt:1)
  6 jorogumos
  5 ghost crabs
  2 radroaches
  2 hell beasts
  8 spriggan air magi
  13 centaur warriors
  6 spriggan skeletons
  11 ironbound frosthearts
  12 two-headed ogres
  26 dancing weapons
  6 tengu warriors
  9 boulder beetles
  2 death knights
  4 hell hogs (Abyss:3)
  11 deep troll shamans
  3 occultists
  4 orc high priests (Orc:2)
  12 deep troll earth magi
  3 vampire magi
  13 demonic crawlers
  4 thrashing horrors (Lair:5)
  6 death yaks (Lair:4)
  6 spriggan berserkers
  2 titan skeletons
  16 hell knights
  3 soul eaters
  2 wretched stars (Abyss:3)
  A sun demon (Depths:2)
  5 fire crabs (Lair:4)
  A shadow wraith (Vaults:2)
  16 deep elf knights
  3 sixfirhies
  26 skeletal warriors
  13 iron trolls
  2 pharaoh ants (Spider:2)
  A spectral spark wasp (Depths:1)
  64 deep trolls
  A quicksilver dragon simulacrum (Depths:1)
  4 spriggan druids
  13 goliath frogs
  11 orb spiders
  A deep troll (shapeshifter) (Depths:4)
  4 glowing orange brains
  2 swamp dragons (shapeshifter) (Depths:4)
  10 flayed ghosts
  A lindwurm (shapeshifter) (Vaults:4)
  2 sun moths (Spider:4)
  15 phantasmal warriors
  6 deep elf archers
  3 arcanists
  A golden dragon skeleton (Depths:2)
  7 swamp dragons
  10 lindwurms
  10 necromancers
  2 bunyip skeletons (Crypt:3)
  A steelbarb worm (shapeshifter) (Vaults:5)
  10 bog bodies
  25 ironbound convokers
  5 harpies (Vaults:4)
  An iron dragon zombie (Crypt:2)
  16 deep elf pyromancers
  8 steelbarb worms
  30 ugly things
  4 oklob plants (Lair:2)
  20 wolf spiders
  2 harpies (shapeshifter)
  12 orc knights
  22 deep elf zephyrmancers
  Maurice (D:9)
  10 shining eyes
  8 orc sorcerers
  2 salamanders (Depths:4)
  A sphinx simulacrum (Depths:2)
  3 will-o-the-wisps
  17 elephants
  2 jorogumo skeletons
  3 cyclopes
  3 manticores
  A faun (shapeshifter) (Vaults:5)
  A rust devil (Depths:4)
  A frost giant zombie (Depths:2)
  25 moths of wrath
  3 centaur zombies
  20 vault sentinels
  2 black mambas
  A naga zombie (Abyss:3)
  8 meliai
  3 large abominations (Abyss:3)
  2 kobold blastminers (Orc:2)
  A meliai (shapeshifter) (Vaults:4)
  3 orange demons
  3 water nymphs (Zot:4)
  2 guardian serpents (shapeshifter)
  A fire giant skeleton (Depths:2)
  2 naga skeletons
  8 smoke demons
  A centaur skeleton (D:15)
  4 torpor snails
  An eye of devastation (shapeshifter) (Vaults:5)
  4 eyes of devastation
  10 cane toads
  A torpor snail (shapeshifter) (Vaults:5)
  6 gargoyles
  A black draconian zombie (Crypt:2)
  An apocalypse crab (Lair:4)
  5 freezing wraiths
  30 yaktaurs
  A yellow draconian zombie (Crypt:1)
  2 rime drakes
  3 kobold demonologists (D:11)
  An alligator snapping turtle skeleton (Crypt:2)
  Jeremiah (D:7)
  5 guardian mummies
  4 komodo dragons
  An efreet (D:13)
  5 red devils
  5 tengu conjurers
  2 ice devils
  A purple draconian skeleton (Crypt:1)
  2 polar bears
  A queen bee (shapeshifter) (Vaults:5)
  5 trolls
  An ancient zyme (Abyss:3)
  A green draconian skeleton (Crypt:2)
  A harpy skeleton (Crypt:1)
  Prince Ribbit (D:5)
  A wolf spider simulacrum (D:14)
  6 hornets
  A raiju (shapeshifter) (Lair:5)
  20 tarantellas
  9 glass eyes
  A satyr zombie (Crypt:2)
  4 tyrant leeches
  23 blink frogs
  A frost giant simulacrum (Depths:2)
  2 iron dragon simulacra (Depths:2)
  A raiju (Lair:5)
  17 culicivoras
  8 dream sheep
  A centaur simulacrum (D:14)
  59 yaks
  4 air elementals
  25 jumping spiders
  5 shadows
  A vampire (D:12)
  130 slime creatures
  16 wraiths
  5 wyverns
  5 spriggans
  12 water elementals
  A black mamba skeleton (Crypt:3)
  An ushabti (Crypt:3)
  3 humans (D:13)
  12 starcursed masses (Abyss:3)
  5 basilisks
  6 hogs (Lair:5)
  7 golden eyes
  A warg (Orc:2)
  2 steam dragons
  16 vampire mosquitoes
  Menkaure (D:6)
  A basilisk (shapeshifter) (D:14)
  2 chaos spawn
  A neqoxec (Abyss:3)
  15 small abominations
  16 swamp worms
  44 redbacks
  A skyshark zombie (Crypt:1)
  A glowing shapeshifter zombie (Depths:2)
  Edmund (D:6)
  5 hell hounds (D:15)
  2 acid dragons
  A demonspawn skeleton (Crypt:3)
  Duvessa (D:5)
  16 water moccasins
  27 orc warriors
  4 sky beasts
  8 swamp drakes
  An ice beast (D:6)
  5 black bears
  17 laughing skulls
  A hog zombie (Crypt:2)
  6 ogres
  A tengu (shapeshifter) (D:14)
  21 wolves
  5 centaurs
  4 kobold brigands
  2 phantoms
  15 bullfrogs
  3 necrophages (Crypt:1)
  3 scorpions
  3 earth elementals
  4 gnoll sergeants
  2 two-headed ogre simulacra (D:12)
  7 wights
  16 killer bees
  Dowan (D:5)
  9 electric eels
  3 howler monkeys
  2 bombardier beetles (D:5)
  A quasit (Elf:3)
  7 hounds
  4 jellies (Lair:4)
  18 orc priests
  6 gnoll boudas
  A sleepcap (D:7)
  A black bear skeleton (Crypt:1)
  3 iguanas
  20 orc wizards
  2 spriggan simulacra
  A troll simulacrum (D:12)
  A wolf simulacrum (D:12)
  8 mummies
  47 gnolls
  6 adders
  3 naga simulacra (D:12)
  2 white imps
  8 ufetubi
  A lava snake zombie (Crypt:1)
  3 dart slugs
  79 orcs
  4 bats
  12 endoplasms
  3 giant cockroaches
  2 goblins
  7 hobgoblins
  14 jackals
  28 kobolds
  5 quokkas
  9 ball pythons
  2 frilled lizards
  A hobgoblin skeleton (Crypt:2)
  A kobold zombie (Crypt:1)
  7 rats
  2 aspiring fleshes (Zot:5)
  2 lurking horrors (Abyss:3)
2569 creatures vanquished.

Vanquished Creatures (collateral kills)
  A pandemonium lord (D:15)
  An orb of fire (Zot:1)
  A juggernaut (Depths:4)
  Boris (Depths:3)
  A Killer Klown (Zot:4)
  A golden dragon (Vaults:5)
  Jory (Depths:4)
  A tentacled monstrosity (Vaults:5)
  An Orb Guardian (Zot:5)
  A sphinx (Vaults:5)
  A shadow dragon (Zot:1)
  A revenant (Crypt:2)
  A draconian shifter (Zot:4)
  A deep elf sorcerer (Elf:3)
  2 vault wardens (Vaults:5)
  A deep elf elementalist (Elf:3)
  An ironbound thunderhulk (Vaults:4)
  3 deep elf demonologists (Elf:3)
  A black draconian (Zot:2)
  A deep elf death mage (Elf:3)
  A stone giant (Vaults:5)
  A deep elf annihilator (Elf:3)
  5 purple draconians
  A red draconian (Zot:2)
  3 white draconians
  A yaktaur captain (Vaults:5)
  2 hydras
  3 vault guards
  A jorogumo (Spider:4)
  An ironbound frostheart (Vaults:5)
  A demonic crawler (Spider:4)
  An orc high priest (Depths:4)
  A spriggan (Swamp:4)
  A deep troll (Vaults:4)
  3 orb spiders (Spider:4)
  2 swamp dragons (Swamp:4)
  A lindwurm (Vaults:1)
  A sun moth (Spider:4)
  An orc knight (Depths:4)
  2 ironbound convokers
  A phantasmal warrior (Vaults:5)
  A deep elf pyromancer (Elf:3)
  A meliai (Spider:4)
  A moth of wrath (Spider:4)
  A vault sentinel (Vaults:5)
  An orange demon (Depths:4)
  A yaktaur (Vaults:4)
  A tarantella (Spider:4)
  A hornet (Swamp:4)
  2 slime creatures (Vaults:4)
  A culicivora (Spider:4)
  A laughing skull (D:14)
  A small abomination (Abyss:3)
  A starcursed mass (Abyss:3)
71 creatures vanquished.

Vanquished Creatures (others)
  A draconian monk (Zot:3)
  A deep elf elementalist (Elf:3)
  A draconian annihilator (Zot:5)
  A yaktaur captain (Vaults:5)
  A deep elf high priest (Elf:3)
  An ice dragon (Depths:3)
  A rakshasa (Depths:3)
  A dancing weapon (Elf:2)
  An occultist (Depths:1)
  2 deep elf zephyrmancers
  3 bloated husks
  A tyrant leech (Swamp:1)
  2 jumping spiders (Spider:4)
  A swamp worm (Swamp:4)
  A swamp drake (Swamp:1)
  A bullfrog (Zot:5)
  An orc wizard (Orc:2)
  24 foxfires
  3 spectral weapons (Crypt:3)
48 creatures vanquished.

Grand Total: 2688 creatures vanquished

Notes
Turn   | Place    | Note
-------+----------+-------------------------------------------
     0 | D:1      | Gargoyl the Gargoyle Berserker began the quest for the Orb.
     0 | D:1      | Reached XP level 1. HP: 14/14 MP: 1/1
   350 | D:1      | Reached XP level 2. HP: 11/19 MP: 2/2
   889 | D:2      | Reached XP level 3. HP: 23/24 MP: 3/3
  1011 | D:2      | Reached ** piety under Trog
  1378 | D:3      | Found a faded altar of an unknown god.
  1645 | D:3      | Reached XP level 4. HP: 29/29 MP: 4/4
  1778 | D:3      | You fall into a shaft and drop 1 floor!
  1837 | D:4      | Noticed an ogre
  1861 | D:4      | Killed an ogre
  1862 | D:4      | Reached skill level 1 in Shields
  1862 | D:4      | Reached XP level 5. HP: 33/33 MP: 5/5
  2028 | D:4      | Reached XP level 6. HP: 38/38 MP: 6/6
  2088 | D:4      | Found a glowing golden altar of the Shining One.
  2095 | D:4      | Found a burning altar of Makhleb.
  2096 | D:4      | Found a basalt altar of Yredelemnul.
  2098 | D:4      | Found a hazy altar of Hepliaklqana.
  2098 | D:4      | Found an ancient bone altar of Kikubaaqudgha.
  2099 | D:4      | Found an iron altar of Okawaru.
  2105 | D:4      | Found a shadowy altar of Dithmenos.
  2683 | D:5      | Entered Level 5 of the Dungeon
  2964 | D:5      | Noticed Prince Ribbit
  2987 | D:5      | Killed Prince Ribbit
  2988 | D:5      | Reached skill level 5 in Axes
  2988 | D:5      | Reached XP level 7. HP: 42/44 MP: 5/7
  3011 | D:5      | Noticed Dowan
  3012 | D:5      | Noticed Duvessa
  3018 | D:5      | Killed Dowan
  3026 | D:5      | Killed Duvessa
  3322 | D:5      | Found a snail-covered altar of Cheibriados.
  3486 | D:6      | Noticed a two-headed ogre
  3488 | D:6      | Found a staircase to the Ecumenical Temple.
  3490 | D:6      | Reached XP level 8. HP: 48/48 MP: 6/8
  3626 | D:6      | Reached skill level 5 in Fighting
  3764 | D:6      | Killed a two-headed ogre
  3765 | D:6      | Reached skill level 1 in Evocations
  3765 | D:6      | Reached XP level 9. HP: 55/55 MP: 7/9
  3985 | D:6      | Reached skill level 5 in Shields
  4015 | D:6      | Noticed Menkaure
  4024 | D:6      | Killed Menkaure
  4270 | D:6      | Noticed Edmund
  4285 | D:6      | Killed Edmund
  4440 | D:7      | Noticed Jeremiah
  4456 | D:8      | Found a flagged portal.
  4468 | D:8      | Identified the +9 hand axe of Painful Death {drain, MP+9
                  | Str+6}
  4473 | Bailey   | Entered a bailey
  4561 | Bailey   | Reached *** piety under Trog
  4680 | Bailey   | Reached XP level 10. HP: 63/63 MP: 10/10
  4845 | D:8      | Noticed a two-headed ogre
  4859 | D:8      | Killed a two-headed ogre
  4997 | D:7      | Killed Jeremiah
  5104 | D:7      | Found a shimmering blue altar of Sif Muna.
  5132 | D:7      | Reached skill level 10 in Axes
  5304 | D:7      | Identified a scroll of acquirement
  5304 | D:7      | Acquired 627 gold pieces
  5767 | D:8      | Identified the +7 whip "Piexzo" {heavy, *Slow Str+3 Dex+4
                  | SInv}
  6349 | D:9      | Found the +6 shillelagh "Devastator" {shatter}
  6359 | D:9      | Noticed Harold
  6365 | D:9      | Found a staircase to the Orcish Mines.
  6372 | D:9      | Killed Harold
  6406 | D:8      | Reached XP level 11. HP: 68/68 MP: 11/11
  6846 | D:9      | Identified the +2 robe of Privacy {Str+3 Dex+3 Stlth+}
  6853 | D:8      | Reached **** piety under Trog
  6918 | D:9      | Noticed Maurice
  6940 | D:9      | Killed Maurice
  7026 | D:9      | Identified the +6 hand axe "Vitic" {heavy, *Corrode Will+
                  | Str+2 Dex+4}
  7234 | D:9      | Found Nasaluok's Magic Scroll Shoppe.
  7770 | D:10     | Entered Level 10 of the Dungeon
  7771 | D:10     | Found a runed translucent gate.
  7771 | D:10     | Found a runed translucent gate.
  8145 | D:10     | Found a runed translucent gate.
  8146 | D:10     | Noticed thepacket's ghost (journeyman BaHu)
  8147 | D:10     | Noticed Malachi's ghost (journeyman OnCK)
  8176 | D:10     | Found a shimmering altar of Xom.
  8248 | D:10     | Noticed a two-headed ogre
  8249 | D:10     | Noticed a two-headed ogre
  8260 | D:10     | Noticed a boulder beetle
  8265 | D:10     | Noticed an orc knight
  8270 | D:10     | Killed a two-headed ogre
  8274 | D:10     | Killed a two-headed ogre
  8461 | D:10     | Killed a boulder beetle
  8555 | D:10     | Killed an orc knight
  8867 | D:10     | Killed Malachi's ghost
  8868 | D:10     | Reached XP level 12. HP: 59/76 MP: 11/12
  8870 | D:10     | Killed thepacket's ghost
  8871 | D:10     | Reached skill level 1 in Stealth
  8964 | D:11     | Found Modwukk's Distillery.
  8964 | D:11     | Found a staircase to the Lair.
  8968 | D:11     | Bought a potion of mutation for 104 gold pieces
  9445 | D:11     | Noticed a two-headed ogre
  9453 | D:11     | Killed a two-headed ogre
  9454 | D:11     | Reached skill level 10 in Fighting
  9457 | D:11     | Noticed a boulder beetle
  9483 | D:11     | Killed a boulder beetle
  9519 | D:11     | Noticed a two-headed ogre
  9526 | D:11     | Killed a two-headed ogre
  9841 | D:11     | Reached ***** piety under Trog
  9955 | Lair:1   | Entered Level 1 of the Lair of Beasts
 10025 | Lair:1   | Noticed a boulder beetle
 10057 | Lair:1   | Killed a boulder beetle
 10366 | Lair:1   | Reached XP level 13. HP: 82/84 MP: 13/13
 10371 | Lair:1   | Received a gift from Trog
 10680 | Lair:2   | Acquired the +1 pair of boots "Fetel" {rElec rF+}
 11073 | Lair:2   | Reached skill level 10 in Armour
 11349 | Lair:2   | You fall into a shaft and drop 1 floor!
 12230 | Lair:2   | Found a hole to the Spider Nest.
 12660 | Lair:2   | Identified the +11 broad axe "Varasuineq" {spect, rF+++
                  | Str-3 Dex+4}
 12994 | Lair:3   | Found a staircase to the Swamp.
 12994 | Lair:3   | Noticed an eleionoma
 13006 | Lair:3   | Killed an eleionoma
 13007 | Lair:3   | Gained mutation: Your large and strong wings let you fly.
                  | [Gargoyle growth]
 13007 | Lair:3   | Reached XP level 14. HP: 77/92 MP: 13/14
 13284 | Lair:3   | Reached skill level 5 in Dodging
 13290 | Lair:3   | Reached skill level 10 in Shields
 13714 | Lair:4   | Found a viscous altar of Jiyva.
 13715 | Lair:4   | Found a staircase to the Slime Pits.
 14009 | Lair:4   | Found a runed translucent door.
 14686 | Lair:4   | Reached skill level 15 in Axes
 15343 | Lair:5   | Entered Level 5 of the Lair of Beasts
 15345 | Lair:5   | Noticed Kirke
 15377 | Lair:5   | Noticed a sphinx
 15379 | Lair:5   | Killed Kirke
 15503 | Lair:5   | Reached XP level 15. HP: 100/100 MP: 15/15
 15738 | Lair:5   | Received a gift from Trog
 16061 | Lair:5   | Found a corrupted altar of Lugonu.
 16061 | Lair:5   | Found a one-way gate to the infinite horrors of the Abyss.
 16247 | Lair:5   | Identified the +7 rapier "Noomeda" {protect, ^Drain Int+6}
 16732 | D:12     | Found Eschet Xecio's General Store.
 16735 | D:12     | Bought a scroll of blinking for 105 gold pieces
 16735 | D:12     | Bought a potion of heal wounds for 70 gold pieces
 17190 | D:12     | Received a gift from Trog
 17767 | D:13     | Paralysed by an ogre mage for 3 turns
 17787 | D:13     | Paralysed by something for 3 turns
 18160 | D:13     | Found a gate to the Vaults.
 18448 | D:13     | Reached skill level 15 in Fighting
 18916 | D:14     | Reached XP level 16. HP: 108/108 MP: 15/16
 18996 | D:14     | Received a gift from Trog
 19036 | D:14     | Identified the +0 spear of Indignation {elec, rC+}
 19424 | D:14     | Found a stormy altar of Qazlal.
 19464 | D:14     | Found a radiant altar of Vehumet.
 20034 | D:15     | Entered Level 15 of the Dungeon
 21110 | D:15     | Found a staircase to the Depths.
 21259 | Orc:1    | Entered Level 1 of the Orcish Mines
 21363 | Orc:2    | Entered Level 2 of the Orcish Mines
 21464 | Orc:2    | Received a gift from Trog
 21521 | Orc:2    | Found a staircase to the Elven Halls.
 22698 | Orc:2    | Found Reollism's Weapon Shoppe.
 22698 | Orc:2    | Found Dunaetu's Armour Shop.
 22758 | Orc:2    | Found Emoch's Magic Scroll Shop.
 22758 | Orc:2    | Found Weocrek's Antique Armour Shoppe.
 22766 | Orc:2    | Bought a scroll of enchant armour for 105 gold pieces
 22766 | Orc:2    | Bought a scroll of blinking for 105 gold pieces
 22766 | Orc:2    | Bought a scroll of brand weapon for 133 gold pieces
 22766 | Orc:2    | Bought a scroll of enchant weapon for 105 gold pieces
 22831 | D:10     | Gained mutation: Your spells are a little harder to cast,
                  | but a little more powerful. [potion of mutation]
 22831 | D:10     | Gained mutation: You have sharp toenails. [potion of
                  | mutation]
 22831 | D:10     | Gained mutation: You have hidden genetic potential. [potion
                  | of mutation]
 22831 | D:10     | Gained mutation: You have a beak for a mouth. [potion of
                  | mutation]
 22832 | D:10     | Lost mutation: Your spells are a little harder to cast, but
                  | a little more powerful. [potion of mutation]
 22832 | D:10     | Lost mutation: You have sharp toenails. [potion of
                  | mutation]
 22832 | D:10     | Lost mutation: You have a beak for a mouth. [potion of
                  | mutation]
 22832 | D:10     | Gained mutation: Potions are less effective at restoring
                  | your health. [potion of mutation]
 22832 | D:10     | Gained mutation: You are strong-willed. (Will+) [potion of
                  | mutation]
 22832 | D:10     | Gained mutation: You are partially covered in iridescent
                  | scales. (AC +2) [potion of mutation]
 22833 | D:10     | Lost mutation: You are partially covered in iridescent
                  | scales. (AC +2) [potion of mutation]
 22833 | D:10     | Lost mutation: Potions are less effective at restoring your
                  | health. [potion of mutation]
 22833 | D:10     | Lost mutation: You have hidden genetic potential. [potion
                  | of mutation]
 22833 | D:10     | Gained mutation: You expend magic power (3 MP) to
                  | strengthen your wands. [potion of mutation]
 22833 | D:10     | Gained mutation: Your mind is acute. (Int +4, Str/Dex -1)
                  | [potion of mutation]
 22834 | D:10     | Lost mutation: Your mind is acute. (Int +4, Str/Dex -1)
                  | [potion of mutation]
 22834 | D:10     | Lost mutation: You are strong-willed. (Will+) [potion of
                  | mutation]
 22834 | D:10     | Lost mutation: You expend magic power (3 MP) to strengthen
                  | your wands. [potion of mutation]
 22834 | D:10     | Gained mutation: Your movements are slightly less
                  | encumbered by armour. (ER -2) [potion of mutation]
 22834 | D:10     | Gained mutation: Your movements are less encumbered by
                  | armour. (ER -4) [potion of mutation]
 22835 | D:10     | Lost mutation: Your movements are less encumbered by
                  | armour. (ER -4) [potion of mutation]
 22835 | D:10     | Lost mutation: Your movements are slightly less encumbered
                  | by armour. (ER -2) [potion of mutation]
 22835 | D:10     | Gained mutation: You have large cloven feet. [potion of
                  | mutation]
 22835 | D:10     | Gained mutation: You are strong-willed. (Will+) [potion of
                  | mutation]
 22835 | D:10     | Gained mutation: A frigid envelope surrounds you and
                  | freezes all who hurt you. [potion of mutation]
 22912 | Spider:1 | Entered Level 1 of the Spider Nest
 22925 | Spider:1 | Reached XP level 17. HP: 115/115 MP: 17/17
 23585 | Spider:1 | Received a gift from Trog
 24737 | Spider:2 | Reached ****** piety under Trog
 24745 | Spider:2 | Received a gift from Trog
 25130 | Spider:3 | Reached skill level 15 in Shields
 25153 | Spider:3 | HP: 2/117 [disintegration (16)]
 25936 | Spider:4 | Entered Level 4 of the Spider Nest
 25936 | Spider:4 | Noticed Louise
 25953 | Spider:4 | Killed Louise
 26059 | Spider:4 | Noticed Bai Suzhen
 26080 | Spider:4 | Killed Bai Suzhen
 26081 | Spider:4 | Reached XP level 18. HP: 124/124 MP: 18/18
 26147 | Spider:4 | Received a gift from Trog
 26415 | Spider:4 | Identified the +0 scale mail of Vehumet's Grace {Will+
                  | Int+3}
 26832 | Spider:4 | Got a gossamer rune of Zot
 26837 | Spider:4 | Identified the +1 hat of the Tundras {Int+3}
 26840 | Spider:4 | Identified the orb "Vimpu" {*Rage, rN+++}
 27336 | Vaults:1 | Entered Level 1 of the Vaults
 28985 | Vaults:2 | Noticed a hellephant
 28985 | Vaults:2 | Noticed Margery
 29003 | Vaults:2 | Received a gift from Trog
 29007 | Vaults:2 | Killed Margery
 29024 | Vaults:2 | Killed a hellephant
 29025 | Vaults:2 | Reached XP level 19. HP: 130/130 MP: 19/19
 29255 | Vaults:2 | Identified the orb "Riapp" {light, Will+ MP+9 Str+4}
 29255 | Vaults:2 | Noticed Frederick
 29269 | Vaults:2 | Killed Frederick
 29496 | Vaults:2 | Found a staircase to the Crypt.
 29821 | Vaults:2 | Noticed Zenata
 29843 | Vaults:2 | Killed Zenata
 30055 | Vaults:2 | Found a gateway to a bazaar.
 30831 | Vaults:3 | Lost mutation: A frigid envelope surrounds you and freezes
                  | all who hurt you. [potion of mutation]
 30831 | Vaults:3 | Lost mutation: You have large cloven feet. [potion of
                  | mutation]
 30831 | Vaults:3 | Gained mutation: You are vulnerable to cold. (rC-) [potion
                  | of mutation]
 30831 | Vaults:3 | Gained mutation: You have large cloven feet. [potion of
                  | mutation]
 30831 | Vaults:3 | Gained mutation: You expend magic power (3 MP) to
                  | strengthen your wands. [potion of mutation]
 30832 | Vaults:3 | Lost mutation: You expend magic power (3 MP) to strengthen
                  | your wands. [potion of mutation]
 30832 | Vaults:3 | Lost mutation: You are vulnerable to cold. (rC-) [potion of
                  | mutation]
 30832 | Vaults:3 | Gained mutation: You sometimes lose your temper in combat.
                  | [potion of mutation]
 30832 | Vaults:3 | Gained mutation: You have very sharp teeth. [potion of
                  | mutation]
 30832 | Vaults:3 | Gained mutation: Your flesh is heat resistant. (rF+)
                  | [potion of mutation]
 30833 | Vaults:3 | Lost mutation: You are strong-willed. (Will+) [potion of
                  | mutation]
 30833 | Vaults:3 | Lost mutation: You have large cloven feet. [potion of
                  | mutation]
 30833 | Vaults:3 | Gained mutation: You are strong-willed. (Will+) [potion of
                  | mutation]
 30834 | Vaults:3 | Lost mutation: Your flesh is heat resistant. (rF+) [potion
                  | of mutation]
 30834 | Vaults:3 | Lost mutation: You are strong-willed. (Will+) [potion of
                  | mutation]
 30834 | Vaults:3 | Lost mutation: You have very sharp teeth. [potion of
                  | mutation]
 30834 | Vaults:3 | Gained mutation: Armour fits poorly on your strangely
                  | shaped body. [potion of mutation]
 31859 | Vaults:3 | Identified the +0 scale mail "Ceazoyr" {rElec Int+3}
 31864 | Vaults:3 | Identified the +3 plate armour "Cissuu" {rF+ rC+}
 32336 | Vaults:4 | Noticed Sojobo
 32355 | Vaults:4 | Killed Sojobo
 32529 | Vaults:4 | Reached XP level 20. HP: 58/139 MP: 13/20
 32532 | Vaults:4 | Reached skill level 15 in Armour
 33101 | Vaults:4 | Received a gift from Trog
 34398 | Vaults:4 | Received a gift from Trog
 34840 | Vaults:5 | Entered Level 5 of the Vaults
 35259 | Vaults:4 | Reached XP level 21. HP: 144/147 MP: 19/21
 35422 | Vaults:5 | Paralysed by a sphinx for 5 turns
 35427 | Vaults:5 | Noticed a golden dragon
 35450 | Vaults:5 | Identified the +6 hand axe of Doeq {heavy, Dex+7} (Trog
                  | gifted it to you on level 5 of the Vaults)
 35450 | Vaults:5 | Received a gift from Trog
 35491 | Vaults:5 | Noticed an ancient lich
 35509 | Vaults:5 | Killed an ancient lich
 35541 | Vaults:5 | Identified the +6 hand axe of the Queen {spect, rF+ Int+2
                  | Stlth+}
 35545 | Vaults:4 | HP: 7/147 [tengu reaver/+0 battleaxe (5)]
 35551 | Vaults:4 | HP: 6/147 [red very ugly thing (3)]
 36257 | Vaults:5 | Got a silver rune of Zot
 37174 | Vaults:5 | Gained mutation: Your magical capacity is low. (-10% MP) [a
                  | shining eye]
 37379 | Vaults:5 | Gained mutation: Your mind is acute. (Int +4, Str/Dex -1)
                  | [a shining eye]
 37729 | Vaults:5 | Killed a golden dragon
 37733 | Vaults:5 | Reached XP level 22. HP: 108/155 MP: 15/19
 38548 | Vaults:5 | Identified the scarf of Infinity {shadows, rElec Regen+
                  | Stlth+}
 38632 | Vaults:5 | Identified the +3 longbow of the Imperium {antimagic, rElec
                  | Int-4 Dex+3}
 39256 | Elf:1    | Entered Level 1 of the Elven Halls
 39310 | Elf:1    | Lost mutation: Your magical capacity is low. (-10% MP)
                  | [potion of mutation]
 39310 | Elf:1    | Lost mutation: Your mind is acute. (Int +4, Str/Dex -1)
                  | [potion of mutation]
 39310 | Elf:1    | Lost mutation: Armour fits poorly on your strangely shaped
                  | body. [potion of mutation]
 39310 | Elf:1    | Gained mutation: You have hidden genetic potential. [potion
                  | of mutation]
 39310 | Elf:1    | Gained mutation: Your body sometimes deteriorates upon
                  | taking damage. [potion of mutation]
 39310 | Elf:1    | Gained mutation: Your skin changes colour to match your
                  | surroundings (Stealth+). [potion of mutation]
 39311 | Elf:1    | Lost mutation: You have hidden genetic potential. [potion
                  | of mutation]
 39311 | Elf:1    | Lost mutation: Your skin changes colour to match your
                  | surroundings (Stealth+). [potion of mutation]
 39311 | Elf:1    | Gained mutation: You have hidden genetic defects. [potion
                  | of mutation]
 39311 | Elf:1    | Gained mutation: You have large cloven feet. [potion of
                  | mutation]
 39344 | Elf:1    | Noticed Jorgrun
 39358 | Elf:1    | Killed Jorgrun
 40415 | Elf:2    | Noticed Agnes
 40425 | Elf:2    | Killed Agnes
 40522 | Elf:2    | Identified the +8 quarterstaff of Eclal {flame, ^Fragile
                  | rPois rC+ rN+ rCorr} (Trog gifted it to you on level 2 of
                  | the Elven Halls)
 40522 | Elf:2    | Received a gift from Trog
 40726 | Elf:2    | Gained mutation: You have terrible hidden genetic defects.
                  | [hidden defects]
 40822 | Elf:2    | Found a runed translucent gate.
 40823 | Elf:2    | Found a runed translucent gate.
 40823 | Elf:2    | Found a runed translucent gate.
 40902 | Elf:2    | Found Eralinlifi's Jewellery Emporium.
 40903 | Elf:2    | Found Uxelep's Book Shop.
 40928 | Elf:2    | Found Xiank's Jewellery Emporium.
 41609 | Elf:2    | Gained mutation: Potions are less effective at restoring
                  | your health. [hidden defects]
 41609 | Elf:2    | Lost mutation: You have terrible hidden genetic defects.
                  | [hidden defects expressed]
 41783 | Elf:3    | Entered Level 3 of the Elven Halls
 41873 | Elf:3    | Received a gift from Trog
 41984 | Elf:3    | Found a portal to a secret trove of treasure.
 42237 | Elf:3    | Found Cunniv's Jewellery Emporium.
 42580 | Abyss:2  | Cast into level 2 of the Abyss (a deep elf demonologist)
 43241 | Elf:3    | Escaped the Abyss
 43286 | Elf:3    | Gained mutation: Potions cannot restore your health.
                  | [hidden defects]
 43343 | Elf:3    | Reached XP level 23. HP: 153/162 MP: 23/23
 43616 | Elf:3    | Identified the ring "Joemebru" {+Blink Fly rF+}
 43978 | Elf:3    | Identified the +4 battleaxe of Ignis {drain, Will+}
 43999 | Elf:3    | Received a gift from Trog
 44068 | Elf:3    | Gained mutation: You are frail. (-10% HP) [hidden defects]
 44068 | Elf:3    | Lost mutation: You have hidden genetic defects. [hidden
                  | defects expressed]
 44130 | Elf:3    | Identified the +2 ring mail of Pysoush {Int+2 Dex-5 Stlth+}
 44669 | Elf:3    | Found the +0 mask of the Dragon {Will+ Slay+3 SInv}
 44676 | Elf:3    | Identified the +0 pair of gloves "Foegh" {rElec rN+ Int+2}
 44712 | Elf:3    | Identified the +0 ring mail of the Hart {rElec}
 44922 | Swamp:1  | Entered Level 1 of the Swamp
 45050 | Swamp:1  | Lost mutation: You sometimes lose your temper in combat.
                  | [potion of mutation]
 45050 | Swamp:1  | Lost mutation: Your body sometimes deteriorates upon taking
                  | damage. [potion of mutation]
 45050 | Swamp:1  | Gained mutation: Your body sometimes deteriorates upon
                  | taking damage. [potion of mutation]
 45398 | Swamp:2  | Identified the serpent talisman of the Burning Gods {Int+5}
 45398 | Swamp:2  | Noticed Aizul
 45421 | Swamp:2  | Killed Aizul
 45449 | Swamp:2  | Acquired 590 gold pieces
 46208 | Swamp:3  | Identified the +1 robe of Surprise {MP+9}
 46940 | Swamp:4  | Entered Level 4 of the Swamp
 47219 | Swamp:4  | Received a gift from Trog
 47783 | Swamp:4  | Noticed the 27-headed Lernaean hydra
 47873 | Swamp:4  | Killed the 24-headed Lernaean hydra
 48043 | Swamp:4  | Reached skill level 5 in Stealth
 48139 | Swamp:4  | Got a decaying rune of Zot
 48488 | Crypt:1  | Entered Level 1 of the Crypt
 49177 | Crypt:1  | Noticed Boris
 49189 | Crypt:1  | Killed Boris
 49190 | Crypt:1  | Reached XP level 24. HP: 153/153 MP: 23/23
 50306 | Crypt:2  | Lost mutation: Your body sometimes deteriorates upon taking
                  | damage. [potion of mutation]
 50306 | Crypt:2  | Lost mutation: You are frail. (-10% HP) [potion of
                  | mutation]
 50306 | Crypt:2  | Gained mutation: You are partially covered in large bone
                  | plates. (SH +4) [potion of mutation]
 50306 | Crypt:2  | Gained mutation: You have an increased reservoir of magic.
                  | (+10% MP) [potion of mutation]
 51400 | Crypt:3  | Entered Level 3 of the Crypt
 51740 | Crypt:3  | Identified the staff "Sowkaarr" {rPois rF+ rC- Str+3 Earth}
 52017 | Crypt:3  | Identified the +8 long sword of Duty {flame, Fly}
 52440 | Crypt:3  | Noticed Boris
 52451 | Crypt:3  | Killed Boris
 52631 | Crypt:3  | Found a staircase to the Tomb.
 52633 | Crypt:3  | Noticed a dread lich
 52639 | Crypt:3  | Killed a dread lich
 52696 | Crypt:3  | Identified the amulet "Viarghuw" {Faith Fly Int+2}
 52712 | Crypt:3  | Noticed a dread lich
 52719 | Crypt:3  | Killed a dread lich
 53531 | Depths:1 | Entered Level 1 of the Depths
 53895 | Depths:1 | Found a one-way gate leading to the halls of Pandemonium.
 53989 | Depths:1 | Reached XP level 25. HP: 146/178 MP: 25/25
 54141 | Depths:1 | Found a gateway to Hell.
 54567 | Depths:1 | Received a gift from Trog
 55756 | Depths:2 | Reached skill level 10 in Dodging
 55770 | Depths:2 | Received a gift from Trog
 55803 | Depths:2 | Noticed a juggernaut
 55820 | Depths:2 | Killed a juggernaut
 56276 | Depths:2 | Found a one-way gateway to a ziggurat.
 56319 | Depths:2 | Gained mutation: Your natural rate of healing is unusually
                  | fast. [a shining eye]
 56319 | Depths:2 | Gained mutation: You have hidden genetic defects. [a
                  | shining eye]
 56321 | Depths:2 | Gained mutation: Your spells are a little easier to cast,
                  | but a little less powerful. [a shining eye]
 56325 | Depths:2 | Gained mutation: You are clumsy. (Dex -2) [a shining eye]
 56946 | Depths:2 | Identified the +0 cloak of Hopscotch {Str+5 Int+3 SInv}
 57457 | Depths:3 | Identified the +1 kite shield "Reimmog" {rElec rPois Will+
                  | Str-3}
 57486 | Depths:3 | Received a gift from Trog
 57575 | Depths:3 | Noticed Boris
 57596 | Depths:3 | Killed Boris
 57608 | Depths:3 | Gained mutation: You are frail. (-10% HP) [hidden defects]
 57845 | Depths:3 | Reached XP level 26. HP: 169/169 MP: 25/25
 58481 | Depths:4 | Entered Level 4 of the Depths
 58503 | Depths:4 | Noticed Xtahua
 58514 | Depths:4 | Noticed Jory
 58542 | Depths:4 | Killed Xtahua
 58564 | Depths:4 | Killed Jory
 58577 | Depths:4 | Gained mutation: You are very clumsy. (Dex -4) [hidden
                  | defects]
 58577 | Depths:4 | Lost mutation: You have hidden genetic defects. [hidden
                  | defects expressed]
 58680 | Depths:4 | Found a transporter.
 58695 | Depths:4 | Noticed Saint Roka
 58707 | Depths:4 | Identified the ring "Toygh" {rElec Int+6 Dex+4 SInv}
 58727 | Depths:4 | Killed Saint Roka
 58733 | Depths:4 | Noticed a juggernaut
 58740 | Depths:4 | Killed a juggernaut
 58809 | Depths:4 | Found a gate to the Realm of Zot.
 58821 | Depths:4 | Received a gift from Trog
 58913 | Depths:4 | Found a transporter.
 59068 | Depths:4 | Found an ancient bone altar of Kikubaaqudgha.
 59135 | Depths:4 | Identified the ring of Checkmate {*Slow rElec Will+ MP+9
                  | Str+5}
 59393 | Depths:4 | Found the +8 demon trident "Rift" {distort, reach+}
 59500 | Depths:4 | Identified the ring "Nuvyores" {rElec Dex+6}
 59572 | Depths:4 | Noticed a juggernaut
 59588 | Depths:4 | Killed a juggernaut
 59615 | Depths:4 | Identified the +6 falchion "Newtbane" {venom, rPois Int+3}
 59639 | Depths:4 | Found a blossoming altar of Fedhas.
 59649 | Depths:4 | Identified the +2 helmet "Gyrep" {*Corrode Int+6 Slay+2}
 59976 | Slime:1  | Entered Level 1 of the Pits of Slime
 60201 | Slime:2  | Noticed Dissolution
 60222 | Slime:2  | Killed Dissolution
 60308 | Slime:1  | Gained mutation: You are weak. (Str -2) [a shining eye]
 60319 | Slime:1  | Lost mutation: You have an increased reservoir of magic.
                  | (+10% MP) [a shining eye]
 60321 | Slime:1  | Gained mutation: You sometimes lose your temper in combat.
                  | [a shining eye]
 60326 | Slime:1  | Received a gift from Trog
 60495 | Slime:1  | Gained mutation: Your health recovers twice as slowly from
                  | being drained. [a shining eye]
 60621 | Slime:2  | Gained mutation: You are vulnerable to cold. (rC-) [a
                  | shining eye]
 60628 | Slime:2  | Gained mutation: Your spells are easier to cast, but less
                  | powerful. [a shining eye]
 60629 | Slime:2  | Gained mutation: You are very weak. (Str -4) [a shining
                  | eye]
 60750 | Slime:2  | Reached XP level 27. HP: 176/176 MP: 23/23
 60922 | Slime:3  | Gained mutation: Your magical capacity is low. (-10% MP) [a
                  | shining eye]
 61813 | Slime:4  | Reached skill level 27 in Shields
 61996 | Slime:5  | Entered Level 5 of the Pits of Slime
 62252 | Slime:5  | Received a gift from Trog
 62306 | Slime:5  | Found a viscous altar of Jiyva.
 62309 | Slime:5  | Noticed the Royal Jelly
 62628 | Slime:5  | Gained mutation: You are dopey. (Int -2) [a shining eye]
 62633 | Slime:5  | Gained mutation: You occasionally lose the ability to drink
                  | potions when taking damage. [a shining eye]
 63359 | Slime:5  | Found the ring of the Mage {Wiz Archmagi}
 63865 | Zot:1    | Entered Level 1 of the Realm of Zot
 63875 | Zot:1    | Noticed an orb of fire
 63897 | Zot:1    | Killed an orb of fire
 64328 | Zot:1    | Reached skill level 27 in Fighting
 64735 | Zot:2    | Received a gift from Trog
 68014 | Zot:5    | Entered Level 5 of the Realm of Zot
 68756 | Zot:5    | Noticed a dread lich
 68758 | Zot:5    | Noticed an ancient lich
 68761 | Zot:5    | Noticed a dread lich
 68761 | Zot:5    | Noticed an orb of fire
 68761 | Zot:5    | Noticed an orb of fire
 69078 | Zot:5    | Gained mutation: Your spells are much easier to cast, but
                  | much less powerful. [an orb of fire]
 69089 | Zot:5    | Killed a dread lich
 69091 | Zot:5    | Gained mutation: You are vulnerable to heat. (rF-) [an orb
                  | of fire]
 69107 | Zot:4    | HP: 2/179 [orb of fire/fireball (14)]
 69109 | Zot:4    | Killed an orb of fire
 69227 | Zot:5    | Gained mutation: You are very frail. (-20% HP) [an orb of
                  | fire]
 69246 | Zot:4    | Killed a dread lich
 69248 | Zot:4    | Killed an orb of fire
 69329 | Zot:5    | Killed an ancient lich
 69436 | Zot:5    | Noticed a dread lich
 69593 | Zot:4    | Killed a dread lich
 69661 | Zot:5    | Noticed a dread lich
 69732 | Zot:4    | Killed a dread lich
 70975 | Zot:5    | Got the Orb of Zot
 71089 | Zot:5    | Noticed Plog the pandemonium lord
 71117 | Zot:5    | Killed Plog the pandemonium lord
 71192 | Zot:5    | Reached skill level 1 in Throwing
 71195 | Zot:5    | Paralysed by a Zot trap for 3 turns
 71325 | Depths:4 | Noticed Ihora Bitt the pandemonium lord
 71345 | Depths:4 | Killed Ihora Bitt the pandemonium lord
 71557 | D:15     | Noticed Diviv the pandemonium lord
 71600 | D:15     | Killed Diviv the pandemonium lord
 71695 | D:14     | Noticed Xoafid the pandemonium lord
 71723 | D:14     | Killed Xoafid the pandemonium lord
 71814 | D:11     | Reached skill level 27 in Axes
 72131 | D:$      | Escaped with the Orb!

Illustrated notes

Levels and vault maps discovered:
D:1:      minmay_arrival_loop, layout_basic
D:2:      layout_basic, nrook_mini_backslash, minmay_pentomino_v4
D:3:      layout_basic, chequers_ecumenical_altar_simple,
          chequers_serial_rivers_micro_c, kennysheep_path_1,
          amcnicky_mini_pool_small
D:4:      layout_loops_corners, nicolae_overflow_hallway_of_the_gods
D:5:      layout_gridville, nicolae_overflow_hidden_temple, uniq_prince_ribbit1,
          uniq_duvessa
D:6:      layout_basic, minmay_temple_entry_slanted, uniq_edmund, uniq_menkaure
D:7:      layout_loops_ring, overflow_temple_1_default, uniq_jeremiah
D:8:      layout_basic, enter_bailey_2, minmay_statues_item,
          wad_floor_pattern_untrapped
D:9:      layout_cave_pools, orc_david_3, serial_gnoll_camp,
          gnoll_camp_huts_moat, gnoll_camp_mini_basic,
          gnoll_camp_mini_loothouse, gnoll_camp_mini_shop,
          gnoll_camp_mini_basic, hangedman_decor_push, uniq_harold, uniq_maurice
D:10:     layout_cave_pools, tgw_xom, gammafunk_ghost_cemetery,
          minmay_pinched_square
D:11:     layout_basic, lair_entry_dummy, serial_shops,
          nicolae_shop_hallway_stairs
D:12:     layout_roguey, portal_ice_cave_entry_ice_simulacra, serial_shops,
          nicolae_shop_behind_doors, special_room [special_room_orc]
D:13:     layout_stronghold, grunt_vaults_entry_fortified,
          small_statue_intersection
D:14:     minmay_the_grid_square_5x5_4x4_mashed
          [minmay_the_grid_square_5x5_beaten_path,
          minmay_the_grid_square_5x5_bracketed, minmay_the_grid_square_5x5_comb,
          minmay_the_grid_square_5x5_pentomino_r,
          minmay_the_grid_square_5x5_checkered_statues,
          minmay_the_grid_square_5x5_prize_junk,
          minmay_the_grid_square_5x5_prize_pseudospiral,
          minmay_the_grid_square_5x5_moneybag,
          minmay_the_grid_square_5x5_longway,
          minmay_the_grid_square_5x5_prize_open,
          minmay_the_grid_square_5x5_prize_open,
          minmay_the_grid_square_5x5_detours, minmay_the_grid_square_5x5_eight,
          minmay_the_grid_square_5x5_inverted_slash,
          minmay_the_grid_square_5x5_tri_point,
          minmay_the_grid_square_5x5_bite], layout_stronghold,
          nicolae_qazlal_general_emergency, nicolae_vehumet_altar_sigil
D:15:     grunt_enter_depths_magical_seal, layout_basic, dk_noncrumbling_3
Lair:1:   layout_cave_shapes, infiniplex_staircase_pool, serial_bayou_shore_a,
          grunt_megastairs_1
Lair:2:   layout_small_grid, spider_nest_entry_funnel_web,
          lightli_volcano_entry_magma_tube, disabler_island
Lair:3:   cheibrodos_lair_overgrown_chateau, layout_chaotic_city,
          alex1729_swamp_entry_worm_eleionoma
Lair:4:   gammafunk_mikee_crab_dinner, layout_loops_ring,
          nicolae_slime_entry_slimehenge, grunt_megastairs_3
Lair:5:   hellmonk_lair_end_abyssal_woods, layout_cellular_growth,
          evilmike_ambush [evilmike_ambush_outer_pillars,
          evilmike_ambush_inner_cross], infiniplex_staircase_pool_2, uniq_kirke
Swamp:1:  layout_falls_marsh, evilmike_swamp_ruin_house_2
Swamp:2:  layout_falls_marsh, nicolae_swamp_fairy_circle, uniq_aizul
Swamp:3:  layout_basic_swamp, evilmike_swamp_ruin_wall
Swamp:4:  swamp_old_school, layout_basic_swamp
Spider:1: layout_spider_delve
Spider:2: layout_spider_delve, hangedman_spider_mandibles
Spider:3: layout_spider_delve
Spider:4: grunt_spider_rune_island, uniq_louise, uniq_bai_suzhen
Slime:1:  layout_caves
Slime:2:  layout_caves, dissolution_awaits
Slime:3:  cheibrodos_slime_lost_civilization_3, layout_caves,
          nicolae_slime_phagocytosis
Slime:4:  layout_caves
Slime:5:  slime_pit_nicolae_block_by_block
Orc:1:    layout_caves, serial_shops, nicolae_shop_just_a_little_nook,
          nicolae_shop_dealshenge
Orc:2:    grunt_orc_tribal_feast, layout_caves, nicolae_orc_seminary
Elf:1:    kennysheep_six_static_rooms, layout_gridlike,
          hangedman_corner_corridor, chequers_big_river, uniq_jorgrun
Elf:2:    nicolae_elf_blades_crystal_corner, layout_geoelf_octagon,
          minivault_27, minmay_shop_grove, uniq_agnes
Elf:3:    nooodl_elf_gasket, layout_geoelf_castle,
          nicolae_trove_entry_crossroad, serial_shops,
          nicolae_shop_tiny_real_fake_doors
Vaults:1: nicolae_vaults_tetromino_L_2, nicolae_vaults_frosty_reception,
          ontoclasm_vaults_ring_square, ontoclasm_vaults_shuriken,
          nicolae_vaults_prndl, nicolae_vaults_stairing_the_circle,
          grunt_vaults_swirl, nicolae_vaults_layer_cake_slice,
          nicolae_vaults_steering_wheel, vaults_room_large_hall,
          nicolae_vaults_storage_room_glass, layout_vaults_omnibox
Vaults:2: nicolae_vaults_network_quincunx
          [nicolae_vaults_network_quincunx_subvault,
          nicolae_vaults_network_quincunx_subvault,
          nicolae_vaults_network_quincunx_subvault,
          nicolae_vaults_network_quincunx_subvault,
          nicolae_vaults_network_quincunx_subvault],
          nicolae_vaults_little_squares_6, ontoclasm_vaults_misaligned,
          hangedman_vaults_stream, minmay_crypt_entry_simple_box,
          nicolae_vaults_two_Ls, hangedman_vaults_capsules,
          nicolae_vaults_trapezoid_lopsided_4, ontoclasm_vaults_eye,
          ontoclasm_vaults_ligature, layout_vaults_maze_snakey, serial_shops,
          bzr_entry_water, uniq_frederick, uniq_zenata, uniq_margery
Vaults:3: nicolae_vaults_two_Ls, v_misc_16, v_misc_3, v_pattern_1,
          nicolae_vaults_weapon_check, layout_vaults_omnigrid
Vaults:4: v_pattern_3, vaults_room_guarded_vault, ontoclasm_vaults_fault,
          nicolae_vaults_trapezoid_lopsided_4,
          nicolae_vaults_door_testing_chamber, v_rooms_1,
          grunt_vaults_trifunnel, nicolae_vaults_twisting_passages,
          nicolae_vaults_closet_pinwheel_5, nicolae_vaults_octothorpe,
          layout_vaults_ring, uniq_sojobo
Vaults:5
Crypt:1:  layout_regular_city, st_burial_chamber, uniq_boris
Crypt:2:  layout_misc_corridors
Crypt:3:  quadcrypt_mu
Depths:1: minmay_octagon_keep, layout_cave_pools, grunt_decor_clamped,
          pan_entry, grunt_mini_vestibule, serial_bayou_pond_a,
          minmay_starry_boxes
Depths:2: minmay_three_patterns, layout_gridlike, enter_ziggurat_d, abyss_entry,
          grunt_pan_entry_zigzag, pf_hell_entry_tar_river, serial_bayou_shore_b,
          firewood_loft
Depths:3: minmay_inner_zag, layout_gridlike, abyss_entry_glasseish, hell_entry,
          kennysheep_generic_room_3
Depths:4: hangedman_spin_cycle, hell_entry, abyss_entry, uniq_jory, uniq_xtahua
Zot:1:    layout_misc_corridors, drop_trap
Zot:2:    layout_cellular_growth, hangedman_zot_decor_checkerboard
Zot:3:    layout_basic, regret_index_zotdec_ex
Zot:4:    cheibrodos_zot_enchanting_chambers, layout_onion_interference,
          skrybe_zot_glass_3, drop_trap
Zot:5:    layout_misc_corridors

Skill      XL: |  1  2  3  4  5  6  7  8  9 10 11 12 13 14 15 16 17 18 19 20 21 22 23 24 25 26 27 |
---------------+----------------------------------------------------------------------------------+-----
Axes           | 3 4 5 7 8 11 12 13 14 15 16 17 18 19 20 21 22 23 27 | 27.0
Fighting       | 4 5 7 8 9 10 12 13 15 16 17 18 19 20 21 22 23 24 25 26 27 | 27.0
Armour         | 3 4 6 7 9 10 11 12 14 15 16 17 18 19 23 | 23.0
Shields        | 1 3 4 5 6 8 9 11 12 13 15 17 18 19 20 21 23 24 25 26 27 | 27.0
Dodging        | 2 3 4 6 8 9 10 11 | 11.5
Evocations     | 1 |  1.5
Stealth        | 1 2 3 4 5 6 8 |  8.1
Throwing       | 1 |  1.1

Action                     |  1- 3 |  4- 6 |  7- 9 | 10-12 | 13-15 | 16-18 | 19-21 | 22-24 | 25-27 || total
---------------------------+-------+-------+-------+-------+-------+-------+-------+-------+-------++-------
  Melee: Hand axe          |   106 |    97 |   231 |   589 |  1035 |  1242 |  1321 |  1421 |  3518 ||  9560
         War axe           |       |       |       |       |       |       |       |   311 |       ||   311
         Broad axe         |       |       |       |       |       |       |       |   222 |       ||   222
  Throw: Dart              |       |       |       |       |       |       |     5 |     1 |     1 ||     7
 Invoke: Berserk           |     1 |     5 |     8 |     8 |    16 |    17 |    16 |    16 |    35 ||   122
         Trog's Hand       |       |     2 |     6 |     8 |    12 |    10 |    22 |    23 |    29 ||   112
         Brothers in Arms  |       |       |       |       |       |     6 |    11 |     9 |    18 ||    44
  Evoke: Wand              |       |     4 |       |       |       |       |       |       |     4 ||     8
    Use: Scroll            |     2 |     6 |     3 |    12 |    10 |    15 |    12 |     8 |     6 ||    74
         Potion            |       |       |       |     1 |     2 |     7 |    21 |     5 |     1 ||    37
   Stab: Distracted        |       |       |       |       |     1 |       |     1 |    12 |     9 ||    23
 Armour: Animal skin       |     7 |       |       |       |       |       |       |       |       ||     7
         Plate armour      |   119 |   102 |   210 |   376 |       |   824 |  1187 |  1247 |  1497 ||  5562
         Chain mail        |     1 |       |       |       |       |       |       |       |       ||     1
         Acid dragon scale |       |       |       |    45 |   593 |   122 |       |       |       ||   760
  Dodge: Dodged            |    44 |    53 |   171 |   374 |   862 |   846 |   862 |  1112 |  1582 ||  5906
  Block: Buckler           |    13 |    25 |    49 |   172 |   361 |   696 |   771 |  1372 |  2714 ||  6173
         Reflection        |       |       |       |       |       |       |       |    84 |    44 ||   128

Table legend: (Time is in decaauts)
 A = Elapsed time spent in this place.
 B = Non-inter-level travel time spent in this place.
 C = Inter-level travel time spent in this place.
 D = Time resting spent in this place.
 E = Time spent auto-exploring this place.
 F = Levels seen in this place.
 G = Mean time per level.
                   A        B        C        D        E       F      G
               +--------+--------+--------+--------+--------+-----+--------+
         Total |  70280 |  66055 |   4225 |  13596 |  34641 |  58 | 1211.7 |
       Dungeon |  15792 |  14301 |   1491 |   1205 |   8988 |  15 | 1052.8 |
          Lair |   6697 |   6208 |    489 |    974 |   3663 |   5 | 1339.4 |
         Swamp |   3240 |   3091 |    149 |    547 |   1782 |   4 |  810.0 |
   Spider Nest |   4157 |   4009 |    148 |    761 |   2093 |   4 | 1039.2 |
    Slime Pits |   3513 |   3326 |    187 |    625 |   1795 |   5 |  702.6 |
  Orcish Mines |   1573 |   1471 |    102 |    455 |    673 |   2 |  786.5 |
   Elven Halls |   4824 |   4578 |    246 |    704 |   2688 |   3 | 1608.0 |
        Vaults |  11710 |  11169 |    541 |   3892 |   4818 |   5 | 2342.0 |
         Crypt |   4721 |   4537 |    184 |   1081 |   2508 |   3 | 1573.7 |
        Depths |   5883 |   5390 |    493 |    441 |   3161 |   4 | 1470.8 |
           Zot |   7197 |   7007 |    190 |   2696 |   2158 |   5 | 1439.4 |
         Abyss |    595 |    595 |      0 |    212 |    105 |   2 |  297.5 |
        Bailey |    372 |    372 |      0 |      0 |    206 |   1 |  372.0 |
               +--------+--------+--------+--------+--------+-----+--------+

Top non-repeatable levels by time:
Vaults:4: 3930 daAuts
   Zot:4: 2461 daAuts
Vaults:5: 2362 daAuts
   Elf:3: 2283 daAuts
Vaults:3: 2070 daAuts
   Zot:5: 1933 daAuts
Vaults:2: 1901 daAuts
 Crypt:3: 1870 daAuts
Depths:2: 1844 daAuts
  Lair:4: 1748 daAuts
  Lair:2: 1701 daAuts
    D:15: 1549 daAuts
 Crypt:1: 1499 daAuts
   Elf:2: 1492 daAuts
Vaults:1: 1446 daAuts
